 Dungeon Crawl Stone Soup version 0.23.2-1-ga50397a (webtiles) character file.

Game seed: 1962054031135963738

26 wilfster70 the Firebug (level 2, -2/15 HPs)
             Began as a Deep Elf Fire Elementalist on May 3, 2019.
             Slain by an ice beast (11 damage)
             ... on level 1 of the Dungeon.
             The game lasted 00:02:34 (962 turns).

wilfster70 the Firebug (Deep Elf Fire Elementalist)  Turns: 962, Time: 00:02:35

Health: -2/15      AC:  2    Str:  5    XL:     2   Next: 89%
Magic:  3/8        EV: 13    Int: 19    God:
Gold:   44         SH:  0    Dex: 15    Spells: 7/8 levels left

rFire    . . .     SeeInvis .   a - +0 short sword
rCold    . . .     Gourm    .   (no shield)
rNeg     . . .     Faith    .   e - +0 robe
rPois    .         Spirit   .   (no helmet)
rElec    .         Reflect  .   (no cloak)
rCorr    .         Harm     .   (no gloves)
MR       .....                  (no boots)
Stlth    ++........             (no amulet)
HPRegen  0.05/turn              (no ring)
MPRegen  0.11/turn              (no ring)

@: no status effects
A: no striking features
a: no special abilities


You were on level 1 of the Dungeon.
You were not hungry.

You visited 1 branch of the dungeon, and saw 2 of its levels.

You collected 44 gold pieces.

Inventory:

Hand Weapons
 a - a +0 short sword (weapon)
 h - a +0 hunting sling
Missiles
 f - 94 stones (quivered)
Armour
 e - a +0 robe (worn)
Scrolls
 i - 2 scrolls of remove curse {unknown}
 j - a scroll of fog {unknown}
 k - a scroll of fear {unknown}
Potions
 b - 2 potions of might {unknown}
 d - 2 potions of curing {unknown}
 g - a potion of degeneration {unknown}
 m - 2 potions of haste {unknown}
Comestibles
 c - a ration
 l - a chunk of flesh


   Skills:
 - Level 2.4 Dodging
 - Level 2.4 Stealth
 + Level 3.7 Spellcasting
 + Level 2.0 Conjurations
 + Level 3.7 Fire Magic


You had 7 spell levels left.
You knew the following spells:

 Your Spells              Type           Power        Failure   Level  Hunger
a - Flame Tongue          Conj/Fire      ##...        4%          1    None

Your spell library contained the following spells:

 Spells                   Type           Power        Failure   Level  Hunger
 Throw Flame              Conj/Fire      ##....       6%          2    ##.....
 Conjure Flame            Conj/Fire      ##......     13%         3    ###....
 Inner Flame              Hex/Fire       ##......     21%         3    ###....
 Sticky Flame             Conj/Fire      ##......     38%         4    ####...
 Fireball                 Conj/Fire      ##........   75%         5    ######.


Dungeon Overview and Level Annotations

Branches:
Dungeon (2/15)

Altars:


Message History

You see here a robe.
Your magical contamination has completely faded away.
Casting: Flame Tongue (safe; 4% risk of failure)
Confirm with . or Enter, or press ? or * to list all spells.
Aiming: Flame Tongue (safe; 4% risk of failure)
Press: ? - help, Shift-Dir - straight line, f - ice beast
Aim: an ice beast The flame tongue hits the ice beast!
The ice beast melts!
The ice beast is heavily wounded.
The ice beast closely misses you.
Casting: Flame Tongue (safe; 4% risk of failure)
Confirm with . or Enter, or press ? or * to list all spells.
Aiming: Flame Tongue (safe; 4% risk of failure)
Press: ? - help, Shift-Dir - straight line, f/p - ice beast
Aim: an ice beast (heavily wounded)
The flame tongue hits the ice beast!
The ice beast melts!
The ice beast is almost dead.
The ice beast hits you. The ice beast freezes you!
Ouch! That really hurt!
You die...

..####.#.#.#
#......# #.# ..#
#.#.#.# #......#
#รท# ..####.#.#.#
#......# #.#
.......#.#.#
#......# #.#
.........#.#
#......####.#
.........#.#
#......##...#
..######.#.#
##.##########
.......#.#.# #Y#
.......#.#.# #@#
..######.#.# #.#
.........#.# #.#
.........#.# #.#
.....###.#.# #.#
.........#.#####.#
.....####........#
.##### ########.#
## ###


You could see an ice beast.

Vanquished Creatures
  A dart slug (D:1)
  3 leopard geckos (D:1)
  A goblin (D:1)
  3 hobgoblins (D:1)
  2 jackals (D:2)
  2 bats (D:1)
  A frilled lizard (D:1)
  6 kobolds (D:1)
  2 rats (D:1)
21 creatures vanquished.

Notes
Turn   | Place    | Note
-------+----------+-------------------------------------------
     0 | D:1      | wilfster70 the Deep Elf Fire Elementalist began the quest
                  | for the Orb.
     0 | D:1      | Reached XP level 1. HP: 10/10 MP: 6/6
   146 | D:1      | Reached XP level 2. HP: 6/15 MP: 6/8
   926 | D:2      | Noticed an ice beast
   962 | D:1      | Slain by an ice beast

Skill      XL: |  1  2 |
---------------+-------+-----
Conjurations   | 2 |  2.0
Dodging        | |  2.4
Stealth        | |  2.4
Spellcasting   | |  3.7
Fire Magic     | |  3.7

Action                   || total
-------------------------++-------
Melee: Short sword       ||     1
 Cast: Flame Tongue      ||    41
Armor: Robe              ||     2
Dodge: Dodged            ||    14
